 Dungeon Crawl Stone Soup version 0.31.0-32-g396128a36d (webtiles) character file.

Game seed: 7608949901128157286

266 spaghetti the Slasher (level 6, -9/53 HPs)
             Began as a Demonspawn Chaos Knight on Mar 10, 2024.
             Was a Plaything of Xom.
             Mangled by an ogre
             ... wielding a +0 giant club
              (25 damage)
             ... on level 4 of the Dungeon.
             The game lasted 00:03:58 (2798 turns).

spaghetti the Slasher (Demonspawn Chaos Knight)     Turns: 2798, Time: 00:03:58

Health: -9/53      AC:  8    Str: 12    XL:     6   Next: 0%
Magic:  6/6        EV: 10    Int: 17    God:    Xom [....*.]
Gold:   26         SH:  4    Dex: 13    Spells: 5/5 levels left

rFire   . . .        m - +4 great sword (vamp)
rCold   . . .        (shield currently unavailable)
rNeg    . . .        j - +2 ring mail of the Locust {Int+3}
rPois   .            (helmet restricted)
rElec   .            q - +0 cloak
rCorr   .            (no gloves)
SInv    .            (no boots)
Will    .....        (no amulet)
Stlth   +            p - ring of wizardry
HPRegen 0.28/turn    (no ring)
MPRegen 0.10/turn

%: wizardry (x1)
@: no status effects
A: antennae 2, powered by pain 1, condensation shield, robust 1, wild magic 1
a: Renounce Religion


You were on level 4 of the Dungeon.
You worshipped Xom.
You were a beloved toy of Xom.
You visited 1 branch of the dungeon, and saw 4 of its levels.

You collected 161 gold pieces.
You spent 135 gold pieces at shops.

Inventory:

Hand Weapons
 a - a +0 falchion of chaos
 m - a +4 vampiric great sword (weapon)
Armour
 b - a +2 leather armour
 e - a +0 cloak
 j - the +2 ring mail of the Locust (worn) {Int+3}
   (You found it on level 2 of the Dungeon)

   Int+3:     It affects your intelligence (+3).
 q - a +0 cloak (worn)
 r - a +0 kite shield of protection
Jewellery
 p - a ring of wizardry (left hand)
Scrolls
 d - a scroll of poison
 f - 2 scrolls of brand weapon
 g - a scroll of teleportation
 i - a scroll of revelation
 k - a scroll of enchant armour
 n - a scroll of fog
 o - a scroll of torment {unknown}
Potions
 h - a potion of brilliance
 l - a potion of cancellation


   Skills:
 - Level 4.6 Fighting
 + Level 5.2 Long Blades
 - Level 1.7 Armour
 - Level 0.8 Dodging


You had 5 spell levels left.
You didn't know any spells.
Your spell library contained the following spells:

 Spells                   Type           Power      Damage    Failure   Level
 Lesser Beckoning         Tloc           0%         N/A       36%         2
 Gell's Gravitas          Tloc           0%         N/A       56%         3
 Teleport Other           Tloc           0%         N/A       56%         3


Dungeon Overview and Level Annotations

Branches:
Dungeon (4/15)             Temple (0/1) D:4

Altars:

Shops:
D:4 [

Annotations:
D:4 Dowan, Duvessa


Innate Abilities, Weirdness & Mutations

You have a pair of antennae on your head.
You sometimes gain a little power by taking damage.
A meltable shield of frost defends you. (SH +4)
You are robust. (+10% HP)
Your spells are a little harder to cast, but a little more powerful.


Message History

The ogre completely misses your butterfly.
You finish taking off your +0 kite shield of protection.
You feel less protected.
You drop a +0 kite shield of protection.
You feel a sense of dread.
m - a +4 vampiric great sword (weapon)
The ogre misses your butterfly.
r - a +0 kite shield of protection The ogre hits your butterfly with a +0 giant club!
Your butterfly dies!
Your butterfly disappears in a burst of colours!
There is an open door here.
Something misses your butterfly.
You close the door.
You start resting.
An adder comes into view.
There are monsters nearby!
Found a stone staircase leading down.
The adder misses your butterfly.
You feel a little less agile now.
Xom rains down devastation!
The fireball engulfs the ogre.
There is a stone staircase leading down here.
You start resting.
An ogre is nearby!
An ogre is nearby!
You are too injured to fight recklessly!
You are too injured to fight recklessly!
You are too injured to fight recklessly!
You are too injured to fight recklessly!
You are too injured to fight recklessly!
You barely miss the adder. The adder misses you.
The adder bites you but does no damage.
You miss the adder. The adder bites you but does no damage.
The ogre hits you with a +0 giant club!
You hit the ogre.
The ogre is severely wounded.
The adder closely misses you. The adder bites you.
The ogre hits you with a +0 giant club!!
You die...
Xom titters!

#.....b+.#
##.#######
####b.∩S.####
#.# ##
...'......#..#
#.# #.
.#####b.b###.###
##.## ##. ###.#
#... #...#####..
#{# #..#
#.......... ##.#
#..# #...#####..
#.###..###O.#
##### ##.
...........S@#
#.
##############
#. #. .. #


You could see an ogre and an adder.

Vanquished Creatures
  2 scorpions
  A hound (D:4)
  An orc priest (D:4)
  2 adders
  4 ribbon worms
  A dart slug (D:3)
  4 orcs
  5 endoplasms
  3 giant cockroaches
  9 goblins
  5 hobgoblins
  4 jackals (D:2)
  3 ball pythons
  3 bats
  4 kobolds
  3 rats
54 creatures vanquished.

Notes
Turn   | Place    | Note
-------+----------+-------------------------------------------
     0 | D:1      | spaghetti the Demonspawn Chaos Knight began the quest for
                  | the Orb.
     0 | D:1      | Reached XP level 1. HP: 18/18 MP: 1/1
   494 | D:1      | XOM: divination: detect items
   644 | D:1      | Found a faded altar of an unknown god.
   723 | D:2      | Gained mutation: You sometimes gain a little power by
                  | taking damage. [demonic ancestry]
   723 | D:2      | Reached XP level 2. HP: 24/24 MP: 2/2
   757 | D:2      | XOM: silly message
   950 | D:2      | XOM: god gift: 35 gold pieces
   970 | D:2      | Identified the +2 ring mail of the Locust {Int+3}
  1145 | D:2      | Gained mutation: A meltable shield of frost defends you.
                  | (SH +4) [demonic ancestry]
  1145 | D:2      | Reached XP level 3. HP: 25/30 MP: 3/3
  1687 | D:3      | Noticed a scorpion
  1762 | D:3      | XOM: god gift: +4 vampiric great sword
  1931 | D:3      | XOM: confuse monster(s)
  1937 | D:3      | Killed a scorpion
  1938 | D:3      | Reached skill level 3 in Long Blades
  1938 | D:3      | Gained mutation: You have a pair of small antennae on your
                  | head. [demonic ancestry]
  1938 | D:3      | Reached XP level 4. HP: 38/38 MP: 4/4
  1999 | D:3      | XOM: give mutation
  1999 | D:3      | Gained mutation: Your spells are a little harder to cast,
                  | but a little more powerful. [Xom's mischief]
  2249 | D:4      | Noticed Duvessa
  2249 | D:4      | Noticed Dowan
  2249 | D:4      | Noticed a scorpion
  2250 | D:4      | XOM: cleaving
  2278 | D:4      | Reached skill level 4 in Long Blades
  2344 | D:4      | Reached XP level 5. HP: 39/43 MP: 5/5
  2417 | D:4      | XOM: give mutation
  2417 | D:4      | Gained mutation: You are robust. (+10% HP) [Xom's grace]
  2633 | D:4      | Found a staircase to the Ecumenical Temple.
  2652 | D:4      | Found Ajerabb's Antique Armour Shoppe.
  2665 | D:4      | Reached skill level 5 in Long Blades
  2665 | D:4      | Gained mutation: You have a pair of antennae on your head.
                  | [demonic ancestry]
  2665 | D:4      | Reached XP level 6. HP: 28/53 MP: 6/6
  2670 | D:4      | Bought a runed kite shield for 135 gold pieces
  2739 | D:4      | XOM: scenery: 3 doors open, 1 doors close
  2786 | D:4      | XOM: destruction
  2798 | D:4      | Mangled by an ogre

Illustrated notes

Levels and vault maps discovered:
D:1:      dpeg_arrival_tiny_k, layout_loops_cross,
          ebering_ecumenical_altar_ruins
D:2:      layout_loops_ring
D:3:      layout_loops_cross
D:4:      layout_loops_ring, nicolae_hepliaklqana_hippocampus,
          minmay_temple_entry_antechambers, gup_sewer_entry_bowl, serial_shops,
          nicolae_shop_rolling_square, corexii_shack,
          hangedman_decor_diamond_cutter, kennysheep_generic_room_7,
          uniq_duvessa

Skill      XL: |  1  2  3  4  5 |
---------------+----------------+-----
Fighting       | 4 |  4.6
Long Blades    | 3 4 5 |  5.2
Armour         | |  1.7
Dodging        | |  0.8

Action                     |  1- 3 |  4- 6 || total
---------------------------+-------+-------++-------
  Melee: Falchion          |   122 |    76 ||   198
         Punch             |       |     1 ||     1
         Great sword       |       |     3 ||     3
    Use: Scroll            |    10 |     1 ||    11
         Potion            |     3 |     1 ||     4
 Armour: Leather armour    |    29 |       ||    29
         Ring mail         |    44 |    39 ||    83
  Dodge: Dodged            |    71 |    36 ||   107
  Block: Other             |     4 |     9 ||    13
         Kite shield       |       |     2 ||     2
